 Dungeon Sprint DCSS version 0.31-a0-662-g684573625c (webtiles) character file.

Game seed: 6858788450140971166

111 rocky1 the Ruffian (level 5, 0/37 HPs)
             Began as a Djinni Shapeshifter on Aug 31, 2023.
             Slain by a shadow (9 damage)
             ... in the Dungeon (Sprint III: "The Ten Rune Challenge").
             The game lasted 00:00:59 (290 turns).

rocky1 the Ruffian (Djinni Shapeshifter)             Turns: 290, Time: 00:01:00

Health: 0/37       AC:  2    Str: 13    XL:     5   Next: 15%
Gold:   43         EV: 13    Int: 14    God:
                   SH:  0    Dex: 12

rFire   + +          .
                       - Unarmed
rCold   x . .        (no shield)
rNeg    . . .        a - +0 animal skin
rPois   ∞            (helmet currently unavailable)
rElec   .            (cloak currently unavailable)
rCorr   .            (gloves currently unavailable)
SInv    .            (boots unavailable)
Will    .....        (no amulet)
Stlth   ++           (no ring)
HPRegen 0.26/turn    (no ring)
MPRegen 0.00/turn

%: no teleportation, infuse magic (-1 HP)
@: beast-form, flying
A: beast (slay +3), flying, sickness immunity, fire resistance 2, cold
vulnerability 1, float, innate caster, HP casting, extra vitality 1
a: Begin Untransformation


You were in the Dungeon.
You were a hulking beast.
You visited 1 branch You collected 43 gold pieces.

Inventory:

Armour
 a - a +0 animal skin (worn)
Talismans
 c - a beast talisman (active)
 d - a flux talisman
Scrolls
 i - a scroll of blinking
 j - a scroll of torment {unknown}
 k - a scroll of vulnerability {unknown}
 n - a scroll of immolation {unknown}
 o - a scroll of identify {unknown}
Potions
 b - 4 potions of mutation
 e - a potion of curing
 f - a potion of heal wounds
 g - a potion of haste
 l - a potion of invisibility {unknown}
 m - 2 potions of enlightenment {unknown}


   Skills:
 + Level 1.4 Fighting
 + Level 4.0 Dodging
 + Level 1.6 Stealth
 + Level 6.3 Unarmed Combat
 + Level 5.8 Shapeshifting


You knew the following spells:

 Your Spells              Type           Power      Damage    Failure   Level
a - Sting                 Tmut/Pois      0%         1d3       28%         1
b - Blink                 Tloc           0%         N/A       41%         2
Your spell library was empty.

Dungeon Overview and Level Annotations

Branches:
Dungeon (1/1)

Altars:


Innate Abilities, Weirdness & Mutations

You are a hulking beast.
Your limbs bulge with bestial killing power. (Slay +3)
You are flying.
You are immune to sickness and miasma.
You are immune to poison.
Your flesh is very heat resistant. (rF++)
You are vulnerable to cold. (rC-)
You float through the air rather than walking.
You learn spells naturally, not from books.
Your magical power is your life essence.
You have superior vitality. (+4 MHP)


Message History

Your Shapeshifting skill increases to level 5!
You have reached level 4!
You feel clever.
You start resting.
You feel a strong urge to attack something.
You start resting.
You are no longer berserk.
You are exhausted.
You feel yourself slow down.
You start resting.
HP restored.
You start waiting.
You feel yourself speed up.
You start waiting.
You recover from your berserk rage.
There is an open door to the Ecumenical Temple here.
Casting: Sting (safe; 28% risk of failure)
Confirm with . or Enter, or press ? or * to list all spells.
Okay, then.
There is a fountain of clear blue water here.
You reach down and open the door.
A jelly comes into view.
The jelly quivers.
You punch the jelly!
Your hands burn!
You punch the jelly.
You kill the jelly!
Your Dodging skill increases to level 4!
Your Unarmed Combat skill increases to level 6!
You have reached level 5!
The power to cast Blink wells up from within.
Spell assigned to 'b'.
You start resting.
HP restored.
A shadow comes into view.
There is an open door here.
You hit the shadow but do no damage. The shadow hits you!
You closely miss the shadow. The shadow hits you!
You closely miss the shadow. The shadow hits you!
* * * LOW HITPOINT WARNING * * *
You barely miss the shadow. Your punch misses the shadow. The shadow hits you!
You die...

▓▓▓ ##.# ####..#
#..#..#
#..#..###+#+###+##
##'#..#..........#
###...'.⌠........#
###...#...######h#
##....#.⌠.# #.W.#
#.....#...# #...#
......#+### #...#
#.....# #...+
##....# +...#
▓▓▓▓▓▓ ▓▓▓▓▓


You could see a shadow.

Vanquished Creatures
  A water elemental (D)
  A jelly (D)
  A human (D)
  A phantom (D)
  An endoplasm (D)
  3 rats (D)
8 creatures vanquished.

Notes
Turn   | Place    | Note
-------+----------+-------------------------------------------
     0 | D        | rocky1 the Djinni Shapeshifter began the quest for the Orb.
     0 | D        | Reached XP level 1. HP: 17/17 MP: 0/0
    81 | D        | Reached skill level 4 in Unarmed Combat
    81 | D        | Reached XP level 2. HP: 17/22 MP: 0/0
    81 | D        | Reached XP level 3. HP: 20/27 MP: 0/0
    81 | D        | Learned a level 1 spell: Sting
   203 | D        | Noticed a water elemental
   210 | D        | Killed a water elemental
   211 | D        | Reached skill level 1 in Stealth
   211 | D        | Reached skill level 5 in Unarmed Combat
   211 | D        | Reached skill level 5 in Shapeshifting
   211 | D        | Reached XP level 4. HP: 32/32 MP: 0/0
   272 | D        | Reached skill level 6 in Unarmed Combat
   272 | D        | Reached XP level 5. HP: 34/37 MP: 0/0
   272 | D        | Learned a level 2 spell: Blink
   286 | D        | Noticed a shadow
   290 | D        | Slain by a shadow

Illustrated notes

Levels and vault maps discovered:
D:        dungeon_sprint_mu [sprint_mu_entry_cave, sprint_mu_temple_rooms,
          sprint_mu_d1_horrors, sprint_mu_d2_genie, sprint_mu_d3_branching,
          sprint_mu_orc_legion, sprint_mu_elf_gauntlet, sprint_mu_hive_nellie,
          sprint_mu_lair_fedhas, sprint_mu_vaults_butterflies,
          sprint_mu_slime_circle, sprint_mu_swamp_cave, sprint_mu_snake_twists,
          sprint_mu_blade_basic, sprint_mu_crypt_fortress,
          sprint_mu_tomb_spiral, sprint_mu_vestibule_basic,
          sprint_mu_gehenna_hellfire, sprint_mu_dis_giant,
          sprint_mu_tartarus_statrot, sprint_mu_cocytus_islands, sprint_mu_zot1]

Skill      XL: |  1  2  3  4 |
---------------+-------------+-----
Shapeshifting  | 4 5 |  5.8
Unarmed Combat | 4 5 6 |  6.3
Dodging        | 3 4 |  4.0
Stealth        | 1 |  1.6
Fighting       | |  1.4

Action                     |  1- 3 |  4- 6 || total
---------------------------+-------+-------++-------
  Melee: Unarmed           |    30 |     5 ||    35
         Punch             |     2 |     1 ||     3
    Use: Potion            |     2 |       ||     2
   Stab: Sleeping          |     2 |       ||     2
 Armour: Skin              |    10 |       ||    10
         Animal skin       |     3 |     4 ||     7
  Dodge: Dodged            |     9 |       ||     9

Table legend: (Time is in decaauts)
 A = Elapsed time spent in this place.
 B = Non-inter-level travel time spent in this place.
 C = Inter-level travel time spent in this place.
 D = Time resting spent in this place.
 E = Time spent auto-exploring this place.
 F = Levels seen in this place.
 G = Mean time per level.
                   A        B        C        D        E       F      G
               +--------+--------+--------+--------+--------+-----+--------+
         Total |    298 |    298 |      0 |    139 |     45 |   1 |  298.0 |
       Dungeon |    298 |    298 |      0 |    139 |     45 |   1 |  298.0 |
               +--------+--------+--------+--------+--------+-----+--------+

Top non-repeatable levels by time:
       D: 298 daAuts
